 Dungeon Crawl Stone Soup version 0.23.2-40-g277498a001 (webtiles) character file.

Game seed: 692210788918200616

499 Kostasan the Cleaver (level 6, -2/52 HPs)
             Began as a Minotaur Berserker on Sept 29, 2019.
             Was a Priest of Trog.
             Killed by nerve-wracking pain
             ... invoked by a shadow imp
              (14 damage)
             ... on level 5 of the Dungeon.
             The game lasted 00:11:00 (3837 turns).

Kostasan the Cleaver (Minotaur Berserker)           Turns: 3837, Time: 00:11:01

Health: -2/52      AC: 16    Str: 22    XL:     6   Next: 94%
Magic:  5/5        EV:  4    Int:  6    God:    Trog [***...]
Gold:   189        SH:  7    Dex:  9    Spells: 5/5 levels left

rFire    . . .     SeeInvis .   a - +0 hand axe
rCold    . . .     Gourm    .   b - +0 shield
rNeg     . . .     Faith    .   v - +0 plate armour
rPois    .         Spirit   .   g - +2 hat
rElec    .         Reflect  .   j - +2 cloak
rCorr    .         Harm     .   (no gloves)
MR       .....                  (no boots)
Stlth    ..........             (no amulet)
HPRegen  0.17/turn              (no ring)
MPRegen  0.09/turn              (no ring)

@: no status effects
A: retaliatory headbutt, horns 2
a: Berserk, Trog's Hand, Renounce Religion


You were on level 5 of the Dungeon.
You worshipped Trog.
Trog was most pleased with you.
You were hungry.

You visited 1 branch of the dungeon, and saw 5 of its levels.

You collected 189 gold pieces.

Inventory:

Hand Weapons
 a - a +0 hand axe (weapon)
Missiles
 f - 61 stones (quivered)
Armour
 b - a +0 shield (worn)
 g - a +2 hat (worn)
 j - a +2 cloak (worn)
 v - a +0 plate armour (worn)
Jewellery
 p - a +5 ring of protection {unknown}
Wands
 d - a wand of flame (15)
Scrolls
 h - 3 scrolls of identify {unknown}
 r - 2 scrolls of remove curse {unknown}
 s - a scroll of immolation {unknown}
Potions
 e - 3 potions of ambrosia {unknown}
 i - a potion of degeneration {unknown}
 k - 2 potions of resistance {unknown}
 l - 3 potions of flight {unknown}
 m - 2 potions of curing {unknown}
 n - a potion of lignification {unknown}
 o - a potion of haste
 t - 4 potions of heal wounds {unknown}
Comestibles
 c - 8 rations


   Skills:
 - Level 3.8 Fighting
 + Level 9.3 Axes
 - Level 2.6 Armour
 - Level 2.4 Dodging


You had 5 spell levels left.
You didn't know any spells.
Your spell library was empty.

Dungeon Overview and Level Annotations

Branches:
Dungeon (5/15)             Temple (0/1) D:4

Altars:
Fedhas
Kikubaaqudgha
Qazlal
Sif Muna
Trog
The Shining One


Innate Abilities, Weirdness & Mutations

You reflexively headbutt those who attack you in melee.
You have a pair of horns on your head.


Message History

Aim: a shadow imp (almost dead)
You throw a stone.
The stone closely misses the shadow imp.
The shadow imp sputters.
Throwing (i - inventory)
f - 63 stones (quivered)
Press: ? - help, Shift-Dir - straight line, f/p - shadow imp
Aim: a shadow imp (almost dead)
You throw a stone.
The stone hits the shadow imp but does no damage.
The shadow imp is almost dead.
You hear a splash.
Throwing (i - inventory)
f - 62 stones (quivered)
Press: ? - help, Shift-Dir - straight line, f/p - shadow imp
Aim: a shadow imp (almost dead)
You throw a stone.
The stone closely misses the shadow imp.
The shadow imp summons a swarm of flies.
The shadow imp gestures at you. Pain shoots through your body!
You die...

.#.. ####...# #.
###......##
#(###...≈≈≈...###
#.....≈≈≈≈hh≈....
#(...≈≈≈≈≈≈≈≈≈...
#...(≈≈≈≈≈≈≈≈≈≈.#
#(.≈5≈≈.@P≈≈≈≈..
#.≈≈≈≈.P.PP≈≈≈≈.
#.≈≈≈≈≈≈≈≈.
#..≈≈≈≈.PP♣.≈≈≈≈.
#...≈≈≈≈♣.♣≈≈≈≈..
#...≈≈≈≈≈≈≈≈≈≈≈.#
##...≈≈≈≈≈≈≈≈≈..#
#....≈≈≈≈≈≈≈..##
#.##...≈≈≈...#


You could see a shadow imp and 2 jackals.

Vanquished Creatures
  An ogre (D:4)
  A bullfrog skeleton (D:4)
  A centaur zombie (D:4)
  An iguana (D:4)
  3 worker ants (D:4)
  2 orc wizards (D:2)
  A worker ant zombie (D:2)
  10 adders
  5 worms
  A leopard gecko (D:4)
  8 orcs
  2 ball pythons (D:3)
  3 bats
  4 giant cockroaches
  12 goblins
  10 hobgoblins
  9 jackals
  8 kobolds
  A quokka (D:5)
  4 frilled lizards
  A quokka skeleton (D:4)
  5 rats
93 creatures vanquished.

Notes
Turn   | Place    | Note
-------+----------+-------------------------------------------
     0 | D:1      | Kostasan the Minotaur Berserker began the quest for the
                  | Orb.
     0 | D:1      | Reached XP level 1. HP: 19/19 MP: 0/0
   199 | D:1      | Reached XP level 2. HP: 21/27 MP: 1/1
   298 | D:1      | Reached skill level 4 in Axes
   319 | D:1      | You fall through a shaft!
  1067 | D:2      | Reached XP level 3. HP: 33/33 MP: 2/2
  1084 | D:2      | Reached ** piety under Trog
  1087 | D:2      | Reached skill level 5 in Axes
  1097 | D:2      | Reached XP level 4. HP: 18/40 MP: 3/3
  1334 | D:2      | Reached skill level 6 in Axes
  1355 | D:2      | Found a glowing golden altar of the Shining One.
  1641 | D:2      | Reached XP level 5. HP: 46/46 MP: 4/4
  1947 | D:3      | Found a bloodstained altar of Trog.
  2114 | D:3      | Found a stormy altar of Qazlal.
  2114 | D:3      | Found an ancient bone altar of Kikubaaqudgha.
  2194 | D:3      | Reached skill level 7 in Axes
  2661 | D:4      | Reached XP level 6. HP: 52/52 MP: 5/5
  2666 | D:4      | Found a staircase to the Ecumenical Temple.
  2694 | D:4      | Reached skill level 8 in Axes
  2712 | D:4      | Reached *** piety under Trog
  3060 | D:4      | Reached skill level 9 in Axes
  3544 | D:5      | Entered Level 5 of the Dungeon
  3621 | D:5      | Found a deep blue altar of Sif Muna.
  3691 | D:5      | Found a blossoming altar of Fedhas.
  3837 | D:5      | Killed from afar by a shadow imp

Skill      XL: |  1  2  3  4  5  6 |
---------------+-------------------+-----
Axes           | 4 5 6 7 9 |  9.3
Fighting       | |  3.8
Armour         | |  2.6
Dodging        | |  2.4

Action                   |  1- 3 |  4- 6 || total
-------------------------+-------+-------++-------
Melee: Hand axe          |    67 |   209 ||   276
       Headbutt          |    11 |    44 ||    55
Throw: Stone             |    33 |   166 ||   199
       Tomahawk          |       |    47 ||    47
  Eat: Chunk             |       |     9 ||     9
Armor: Animal skin       |    31 |     1 ||    32
       Ring mail         |       |    23 ||    23
       Chain mail        |       |    38 ||    38
       Plate armour      |       |     4 ||     4
Dodge: Dodged            |    28 |    43 ||    71
Block: Shield            |       |    36 ||    36
